 Dungeon Crawl Stone Soup version 0.24.0-123-gd5b16e6ec5 (webtiles) character file.

Game seed: 8583821527196057387, levelgen mode: deterministic

14812 Amplified the Spear-Bearer (level 12, -1/97 HPs)
             Began as a Merfolk Venom Mage on Jan 27, 2020.
             Was a Priest of Ru.
             Slain by a wolf (10 damage)
             ... on level 1 of the Lair of Beasts on Jan 28, 2020.
             The game lasted 00:32:42 (14967 turns).

Amplified the Spear-Bearer (Merfolk Venom Mage)    Turns: 14967, Time: 00:32:43

Health: -1/97      AC:  4    Str: 10    XL:     12   Next: 20%
Magic:  10/24      EV: 12    Int: 15    God:    Ru [***...]
Gold:   635        SH:  7    Dex: 17    Spells: 13/27 levels left

rFire    . . .     SeeInvis .   B - +6 dagger (drain)
rCold    . . .     Gourm    .   b - +1 buckler
rNeg     . . .     Faith    .   t - +1 ring mail {rPois}
rPois    +         Spirit   .   x - +0 helmet
rElec    .         Reflect  .   h - scarf {repulsion}
rCorr    .         Harm     .   w - +0 pair of gloves
MR       +....                  a - +0 pair of boots
Stlth    ++........             (no amulet)
HPRegen  0.26/turn              l - ring of protection from magic
MPRegen  0.19/turn              q - ring of poison resistance

@: lethally poisoned (-1 -> -3), about to teleport, marked, very slightly
contaminated, repel missiles
A: change form in water, swift swim, stealthy swim, hated by all, no
conjurations magic, no earth magic, no necromancy magic, reduced AC 1
a: Draw Out Power, Renounce Religion


You were on level 1 of the Lair of Beasts.
You worshipped Ru.
Ru was most pleased with you.
You were hungry.

You visited 2 branches of the dungeon, and saw 13 of its levels.
You also visited: Ossuary.

You collected 635 gold pieces.

Inventory:

Hand Weapons
 v - a +0 trident
 B - a +6 dagger of draining (weapon)
Missiles
 m - 25 poisoned darts (quivered)
 o - 2 throwing nets
Armour
 a - a +0 pair of boots (worn)
 b - a +1 buckler (worn)
 h - a scarf of repulsion (worn)
 t - a +1 ring mail of poison resistance (worn)
 w - a +0 pair of gloves (worn)
 x - a +0 helmet (worn)
 C - a +2 robe of positive energy
Magical Staves
 G - an uncursed staff of poison
Jewellery
 l - a ring of protection from magic (left hand)
 q - a ring of poison resistance (right hand)
Wands
 d - a wand of iceblast (3)
 z - a wand of scattershot (3)
 E - a wand of random effects (24)
 F - a wand of flame (5)
Scrolls
 f - 2 scrolls of identify
 i - 6 scrolls of teleportation
 k - a scroll of noise
 p - 4 scrolls of remove curse
 y - 2 scrolls of enchant weapon
 D - a scroll of magic mapping
 H - a scroll of amnesia
Potions
 e - a potion of cancellation
 g - a potion of lignification
 j - a potion of resistance
 n - 2 potions of mutation
 r - 2 potions of brilliance
 s - 5 potions of flight
Comestibles
 c - 11 rations
 A - 4 chunks of flesh


   Skills:
 * Level 10.1 Fighting
 * Level 12.6 Polearms
 - Level 0.4 Armour
 - Level 3.4 Dodging
 - Level 2.1 Stealth
 - Level 7.1 Shields
 - Level 8.0 Spellcasting
 * Level 7.9 Transmutations
 - Level 1.0 Air Magic
 - Level 8.1 Poison Magic


You had 13 spell levels left.
You knew the following spells:

 Your Spells              Type           Power        Failure   Level  Hunger
a - Olgreb's Toxic Radia  Pois           ####....     11%         4    ####...
b - Poisonous Vapours     Pois/Air       ###...       7%          2    None
c - Spider Form           Tmut/Pois      ####......   3%          3    ##.....
d - Blade Hands           Tmut           ####......   32%         5    #####..

Your spell library contained the following spells:

 Spells                   Type           Power        Failure   Level  Hunger
 Beastly Appendage        Tmut           ####..       1%          1    None
 Ice Form                 Ice/Tmut       ###.....     52%         4    ####...
 Yara's Violent Unravell  Hex/Tmut       ###.......   86%         5    #####..
 Cause Fear               Hex            #.........   97%         4    ####...
 Silence                  Hex/Air        #.........   100%        5    #####..
 Deflect Missiles         Chrm/Air       #.........   100%        6    #######
 Discord                  Hex            #.........   100%        8    #######
 Sticks to Snakes         Tmut           Unusable     N/A         2    N/A
 Sting                    Conj/Pois      Unusable     N/A         1    N/A
 Mephitic Cloud           Conj/Pois/Air  Unusable     N/A         3    N/A
 Venom Bolt               Conj/Pois      Unusable     N/A         5    N/A

Dungeon Overview and Level Annotations

Branches:
Dungeon (11/15)            Temple (0/1) D:4            Lair (2/6) D:9
Ossuary (visited)
  Swamp: Lair:2-4    Shoals: Lair:2-4     Snake: Lair:2-4    Spider: Lair:2-4
    Orc: D:9-12

Altars:
Ashenzari
Cheibriados
Dithmenos
Fedhas
Gozag
Hepliaklqana
Kikubaaqudgha
Makhleb
Okawaru
Qazlal
Ru
Trog
Uskayaw
Vehumet
Wu Jian
Yredelemnul


Innate Abilities, Weirdness & Mutations

You revert to your normal form in water.
You are very nimble and swift while swimming.
You are very stealthy in the water. (Stealth+)
You are hated by all.
You cannot study or cast Conjurations magic.
You cannot study or cast Earth magic.
You cannot study or cast Necromancy magic.
You take slightly more damage. (AC -5)


Message History

You hear an angry hiss.
You hear a croak.
You hear a screech!
You hear an angry hiss.
You hear a croak.
You hear a bellow! x3
Found 12 gold pieces.
There is a stone staircase leading up here.
You feel sick. The wolf bites you!
* * * LOW HITPOINT WARNING * * *
You climb upwards.
You feel sick.
There is a stone staircase leading down here.
Unknown command.
Unknown command.
Unknown command.
Evoke which item? (* to show all) (? for menu, Esc to quit)
Okay, then.
Okay, then.
Okay, then.
As you read the scroll of teleportation, it crumbles to dust.
You feel strangely unstable.
You feel sick. You block the wolf's attack. x2
Unknown command.
You feel sick. The wolf bites you!
You die...

##### ###### ##########
#####.#.####.##P########.#PP#.#P#
.................................
.................................
........................†.†......
........>.......@.........†.F....
................h>...............
.........................†.......
######.#P#.......................
# #####.......................
#..........####.#PP#####
#..........# ######
#.........######.#
#.................


You could see a wolf.

Vanquished Creatures
  Harold (D:8)
  3 two-headed ogres
  An unseen horror (D:10)
  Pikel (D:8)
  A manticore (D:11)
  An ugly thing (D:11)
  An elephant (D:9)
  Joseph (D:8)
  Psyche (D:10)
  A black mamba (Lair:1)
  A troll (D:10)
  2 hornets (D:11)
  3 hippogriffs
  3 wyverns
  12 yaks
  A basilisk (D:9)
  A water moccasin (Lair:1)
  A porcupine (Lair:1)
  Duvessa (D:4)
  An ice beast (D:10)
  5 orc warriors
  2 sky beasts
  A black bear (D:9)
  4 slaves (D:8)
  2 eyes of draining (D:9)
  4 ogres
  A centaur (D:11)
  3 crocodiles
  A big kobold (D:10)
  Blork the orc (D:5)
  8 bullfrogs
  Dowan (D:4)
  A wyvern skeleton (D:6)
  2 scorpions
  13 killer bees
  2 wights (D:10)
  2 howler monkeys
  A crimson imp (D:10)
  3 centaur zombies
  A bullfrog zombie (D:6)
  2 quasits
  8 jellies
  6 hounds
  7 orc wizards
  9 orc priests
  Crazy Yiuf (D:6)
  2 iguanas
  10 worker ants
  A hound zombie (D:10)
  2 hound skeletons
  3 mummies (Ossuary)
  A worker ant zombie (D:8)
  3 gnolls (D:4)
  13 adders
  4 shadow imps
  6 oozes
  An adder zombie (Ossuary)
  3 worms
  3 dart slugs
  A leopard gecko (D:2)
  38 orcs
  3 ball pythons
  13 bats
  4 giant cockroaches
  A gnoll zombie (Ossuary)
  2 goblins
  7 hobgoblins
  3 jackals (D:4)
  16 kobolds
  5 quokkas
  3 frilled lizards
  2 goblin zombies (Ossuary)
  2 hobgoblin zombies (Ossuary)
  A jackal skeleton (D:4)
  A kobold zombie (Ossuary)
  6 quokka zombies
  14 rats
  5 rat zombies (Ossuary)
  A spectral orc (D:4)
309 creatures vanquished.

Vanquished Creatures (others)
  A hippogriff (D:8)
  A rat zombie (Ossuary)
2 creatures vanquished.

Grand Total: 311 creatures vanquished

Notes
Turn   | Place    | Note
-------+----------+-------------------------------------------
     0 | D:1      | Amplified the Merfolk Venom Mage began the quest for the
                  | Orb.
     0 | D:1      | Reached XP level 1. HP: 13/13 MP: 3/3
   280 | D:1      | Reached XP level 2. HP: 19/20 MP: 3/5
   419 | D:1      | Reached skill level 1 in Fighting
   425 | D:1      | Learned a level 2 spell: Poisonous Vapours
   617 | D:1      | Reached skill level 1 in Polearms
   629 | D:1      | Reached XP level 3. HP: 19/26 MP: 1/6
  1028 | D:2      | Found a sacrificial altar of Ru.
  1101 | D:2      | Reached skill level 1 in Air Magic
  1101 | D:2      | Reached XP level 4. HP: 7/33 MP: 1/7
  1343 | D:2      | Reached skill level 2 in Polearms
  1407 | D:2      | Became a worshipper of Ru the Awakened
  2507 | D:2      | Found a hazy altar of Hepliaklqana.
  2507 | D:2      | Found a shattered altar of Ashenzari.
  2705 | D:2      | Reached XP level 5. HP: 37/38 MP: 5/8
  2832 | D:3      | Noticed a water elemental
  2833 | D:3      | Found a stormy altar of Qazlal.
  2836 | D:3      | Noticed an air elemental
  3135 | D:3      | Found a shadowy altar of Dithmenos.
  3139 | D:3      | Gained mutation: You cannot study or cast Earth magic. [Ru
                  | sacrifice]
  3139 | D:3      | Gained mutation: You cannot study or cast Necromancy magic.
                  | [Ru sacrifice]
  3139 | D:3      | Gained mutation: You cannot study or cast Conjurations
                  | magic. [Ru sacrifice]
  3139 | D:3      | Reached * piety under Ru
  3428 | D:3      | Found an iron altar of Okawaru.
  3573 | D:3      | Reached skill level 1 in Shields
  3656 | D:3      | Noticed a fire elemental
  3862 | D:4      | Reached skill level 3 in Polearms
  3867 | D:4      | Found a hide-covered altar of Uskayaw.
  3881 | D:4      | Noticed an ogre
  3906 | D:4      | Killed an ogre
  3906 | D:4      | Reached XP level 6. HP: 40/46 MP: 1/9
  4095 | D:4      | Noticed Duvessa
  4185 | D:4      | Found a sand-covered staircase.
  4362 | Ossuary  | Entered an ossuary
  4983 | D:4      | Found a blossoming altar of Fedhas.
  5007 | D:5      | Entered Level 5 of the Dungeon
  5021 | D:5      | Found an opulent altar of Gozag.
  5049 | D:5      | Reached skill level 4 in Polearms
  5214 | D:5      | Noticed Blork the orc
  5228 | D:5      | Killed Blork the orc
  5228 | D:5      | Reached XP level 7. HP: 52/52 MP: 3/11
  5376 | D:5      | Gained mutation: You are hated by all. [Ru sacrifice]
  5376 | D:5      | Reached ** piety under Ru
  5433 | D:5      | Reached skill level 5 in Poison Magic
  5890 | D:5      | Learned a level 4 spell: Olgreb's Toxic Radiance
  6404 | D:6      | Reached skill level 5 in Polearms
  6518 | D:6      | Reached XP level 8. HP: 49/60 MP: 11/13
  6532 | D:6      | Noticed a two-headed ogre
  6543 | D:6      | Killed a two-headed ogre
  6543 | D:6      | Reached skill level 5 in Fighting
  6543 | D:6      | Reached skill level 6 in Polearms
  6807 | D:6      | Reached XP level 9. HP: 46/68 MP: 15/15
  6928 | D:6      | Found a runed translucent door.
  6929 | D:6      | Noticed Crazy Yiuf
  7011 | D:6      | Killed Crazy Yiuf
  7176 | D:6      | Found an ancient bone altar of Kikubaaqudgha.
  7277 | D:6      | Reached skill level 7 in Polearms
  7737 | D:4      | Noticed Dowan
  7759 | D:4      | Killed Duvessa
  7765 | D:4      | Killed Dowan
  7889 | D:4      | Found a staircase to the Ecumenical Temple.
  7917 | D:4      | Found a basalt altar of Yredelemnul.
  8976 | D:8      | Noticed Joseph
  8989 | D:8      | Killed Joseph
  8989 | D:8      | Reached skill level 5 in Shields
  8989 | D:8      | Reached skill level 5 in Spellcasting
  9155 | D:7      | Learned a level 3 spell: Spider Form
  9202 | D:8      | Noticed Harold
  9212 | D:8      | Reached skill level 8 in Polearms
  9541 | D:8      | Found an ornate altar of the Wu Jian Council.
  9579 | D:8      | Noticed Pikel
  9604 | D:8      | Killed Pikel
  9604 | D:8      | Reached XP level 10. HP: 77/77 MP: 3/18
  9604 | D:8      | Killed Harold
  9604 | D:8      | Reached skill level 9 in Polearms
 10155 | D:8      | Noticed a two-headed ogre
 10186 | D:8      | Killed a two-headed ogre
 10549 | D:9      | Found a burning altar of Makhleb.
 10549 | D:9      | Found a snail-covered altar of Cheibriados.
 10568 | D:9      | Reached skill level 10 in Polearms
 10693 | D:9      | Found a bloodstained altar of Trog.
 10850 | D:9      | Noticed a two-headed ogre
 10850 | D:9      | Noticed an elephant
 10867 | D:9      | Killed a two-headed ogre
 10867 | D:9      | Reached XP level 11. HP: 47/86 MP: 7/21
 11021 | D:9      | Found a staircase to the Lair.
 11548 | D:9      | Found a radiant altar of Vehumet.
 11551 | D:9      | Reached skill level 5 in Transmutations
 11735 | D:10     | Entered Level 10 of the Dungeon
 11735 | D:10     | Noticed Psyche
 11743 | D:10     | Killed Psyche
 11755 | D:10     | Reached skill level 11 in Polearms
 12418 | D:11     | Noticed a manticore
 12430 | D:11     | Killed a manticore
 12829 | D:11     | Noticed a cyan ugly thing
 12872 | D:10     | Noticed an unseen horror
 12878 | D:10     | Killed an unseen horror
 13040 | D:11     | Killed a white ugly thing
 13571 | D:11     | Noticed a green ugly thing
 13702 | D:10     | Noticed a fire dragon
 14255 | Lair:1   | Entered Level 1 of the Lair of Beasts
 14289 | Lair:1   | Reached skill level 12 in Polearms
 14338 | Lair:1   | Gained mutation: You take slightly more damage. (AC -5) [Ru
                  | sacrifice]
 14338 | Lair:1   | Reached *** piety under Ru
 14356 | Lair:1   | Reached XP level 12. HP: 83/96 MP: 22/24
 14677 | Lair:1   | Learned a level 5 spell: Blade Hands
 14951 | Lair:1   | Reached skill level 10 in Fighting
 14967 | Lair:1   | Slain by a wolf

Levels and vault maps discovered:
D:1:      minmay_arrival_widening_spiral_wide, layout_basic,
          chequers_serial_rivers_large_a
D:2:      layout_basic, lemuel_crystal_altar, gammafunk_temple_overflow_wave
D:3:      layout_loops_corners, nicolae_qazlal_style_of_elements,
          lemuel_crystal_altar, okawaru_trees_1
D:4:      layout_loops_cross, yredelemnul_forgotten_temple_becter,
          eat_drink_and_be_merry_uskayaw, minmay_temple_entry_gardened_gates,
          first_ration, enter_ossuary_1, fedhas_ov_isle_minmay, uniq_duvessa
D:5:      layout_gridville, chequers_serial_rivers_small_3, grunt_gozag_statues,
          uniq_blork_the_orc
D:6:      layout_basic, kiku_gazebo_garden_becter, uniq_crazy_yiuf_cottage
D:7:      layout_cave_pods
D:8:      layout_rooms, kennysheep_little_box, hangedman_little_slice_of_home,
          uniq_pikel, uniq_harold, uniq_joseph
D:9:      kennysheep_blocky_hall, layout_loops_ring, trog_eyes_of_draining,
          lemuel_round_altar, gammafunk_temple_overflow_statue,
          david_lair_generic, minmay_misc_feat_rows
D:10:     layout_loops_ring, minmay_guarded_unrand_resistance, uniq_psyche
D:11:     layout_layer_cave, minmay_alternating_orb
Lair:1:   layout_big_grid
Lair:2:   layout_misc_corridors, swamp_mist, serial_rivers,
          chequers_serial_rivers_marsh, chequers_serial_rivers_marsh,
          chequers_serial_rivers_small_3, chequers_serial_rivers_marsh,
          beast_lair_carwin_11

Skill      XL: |  1  2  3  4  5  6  7  8  9 10 11 12 |
---------------+-------------------------------------+-----
Dodging        | 3 |  3.4
Fighting       | 1 2 3 4 5 6 8 9 10 | 10.1
Polearms       | 1 2 3 4 5 6 8 10 12 | 12.6
Air Magic      | 1 |  1.0
Poison Magic   | 4 5 6 7 8 |  8.1
Shields        | 1 2 3 4 5 7 |  7.1
Spellcasting   | 3 4 5 6 8 |  8.0
Transmutations | 4 7 |  7.9
Armour         | |  0.4
Stealth        | |  2.1

Action                   |  1- 3 |  4- 6 |  7- 9 | 10-12 || total
-------------------------+-------+-------+-------+-------++-------
Melee: Unarmed           |    10 |       |    15 |    12 ||    37
       Tailslap          |     1 |       |       |       ||     1
       Spear             |    54 |   403 |   220 |       ||   677
       Dagger            |       |       |    93 |   398 ||   491
       Staff             |       |       |     4 |       ||     4
Throw: Dart              |       |     1 |     5 |     5 ||    11
 Cast: Sting             |    24 |     2 |       |       ||    26
       Poisonous Vapours |     4 |    24 |    34 |    48 ||   110
       Olgreb's Toxic Ra |       |       |    11 |    42 ||    53
       Spider Form       |       |       |     2 |     2 ||     4
Invok: Sacrifice Arcana  |       |     1 |       |       ||     1
       Sacrifice Love    |       |       |     1 |       ||     1
       Reject Sacrifices |       |       |     1 |       ||     1
       Sacrifice Health  |       |       |       |     1 ||     1
Evoke: Wand              |       |       |    11 |    29 ||    40
  Use: Scroll            |     4 |    14 |     5 |    16 ||    39
       Potion            |       |     6 |     5 |     2 ||    13
 Stab: Sleeping          |     1 |    11 |     7 |     5 ||    24
       Distracted        |       |     1 |     2 |     2 ||     5
       Paralysed         |       |       |    27 |       ||    27
       Invisible         |       |       |       |     2 ||     2
  Eat: Chunk             |     1 |     6 |     7 |    19 ||    33
       Ration            |       |     3 |     3 |     3 ||     9
Armor: Robe              |    10 |    42 |    26 |    55 ||   133
       Skin              |       |    15 |       |       ||    15
       Ring mail         |       |       |       |    15 ||    15
Dodge: Dodged            |    42 |   170 |   143 |   260 ||   615
       Deflected         |       |     2 |     3 |     5 ||    10
Block: Buckler           |     2 |    65 |    68 |   147 ||   282
